 Dungeon Crawl Stone Soup version 0.24-a0-441-g27f0392e16 (webtiles) character file.

Game seed: 816449768924547340

27393 kidcy the Severer (level 13, -3/117 HPs)
             Began as a Hill Orc Fighter on June 19, 2019.
             Was a Priest of Makhleb.
             Slain by a spectral wolf spider (7 damage)
             ... in a Gauntlet.
             The game lasted 00:45:13 (20104 turns).

kidcy the Severer (Hill Orc Fighter)               Turns: 20104, Time: 00:45:14

Health: -3/117     AC: 20    Str: 28    XL:     13   Next: 32%
Magic:  21/21      EV:  6    Int:  8    God:    Makhleb [***...]
Gold:   1226       SH: 12    Dex: 13    Spells: 12/12 levels left

rFire    + + .     SeeInvis .   v - +1 broad axe
rCold    + . .     Gourm    .   c - +0 shield
rNeg     . . .     Faith    +   u - +0 plate armour
rPois    +         Spirit   .   (no helmet)
rElec    +         Reflect  .   d - +0 cloak
rCorr    +         Harm     .   (no gloves)
MR       .....     NoTele   +   h - +4 pair of boots of the Unbroken {Str+4}
Stlth    ..........             a - amulet of faith
HPRegen  0.00/turn              q - +3 ring of strength
MPRegen  0.17/turn              z - ring of protection from fire

@: lethally poisoned (-3 -> -15), resistant, very slightly contaminated,
non-regenerating, diseased, heavily drained, invisible (expiring)
A: no striking features
a: Minor Destruction, Lesser Servant of Makhleb, Renounce Religion


You were in a Gauntlet.
You worshipped Makhleb.
Makhleb was most pleased with you.
You were hungry.

You visited 4 branches of the dungeon, and saw 19 of its levels.
You also visited: Gauntlet.

You collected 1226 gold pieces.

Inventory:

Hand Weapons
 s - a +4 scimitar of flaming
 v - a +1 broad axe (weapon)
Armour
 c - a +0 shield (worn)
 d - a +0 cloak (worn)
 h - the +4 pair of boots of the Unbroken (worn) {Str+4}
   (You found it in a Gauntlet)

   It affects your strength (+4).
 u - a +0 plate armour (worn)
Jewellery
 a - an amulet of faith (around neck)
 q - a +3 ring of strength (left hand)
 z - a ring of protection from fire (right hand)
 B - a cursed amulet of inaccuracy {unknown}
Wands
 x - a wand of polymorph (14)
 F - a wand of flame (15)
Scrolls
 e - 6 scrolls of teleportation
 g - 18 scrolls of remove curse
 i - 5 scrolls of identify
 l - 2 scrolls of amnesia
 o - 2 scrolls of enchant armour
 t - 4 scrolls of fog
 y - a scroll of magic mapping
Potions
 b - 4 potions of lignification
 j - 4 potions of brilliance
 k - a potion of agility
 n - 2 potions of invisibility
 p - 3 potions of flight
 E - a potion of haste {unknown}
 G - a potion of mutation
Comestibles
 f - 21 rations


   Skills:
 + Level 11.9(9.1) Fighting
 + Level 15.1(12.1) Axes
 - Level 10.8(8.1) Armour
 + Level 1.5(0.0) Dodging
 + Level 10.9(8.2) Shields
 * Level 11.4(8.7) Invocations


You had 12 spell levels left.
You didn't know any spells.
Your spell library contained the following spells:

 Spells                   Type           Power        Failure   Level  Hunger
 Beastly Appendage        Tmut           #.....       100%        1    ##.....
 Confusing Touch          Hex            #.....       100%        1    ##.....
 Summon Small Mammal      Summ           #...         100%        1    ##.....
 Call Imp                 Summ           #.......     100%        2    ###....
 Sticks to Snakes         Tmut           #.......     100%        2    ###....
 Call Canine Familiar     Summ           #.......     100%        3    ####...
 Confuse                  Hex            #.......     100%        3    ####...
 Gell's Gravitas          Tloc           #.........   100%        3    ####...
 Spider Form              Tmut/Pois      #.........   100%        3    ####...
 Summon Guardian Golem    Hex/Summ       #.......     100%        3    ####...
 Ice Form                 Ice/Tmut       #.......     100%        4    #####..
 Petrify                  Tmut/Erth      #.......     100%        4    #####..
 Summon Ice Beast         Ice/Summ       #.......     100%        4    #####..
 Summon Lightning Spire   Summ/Air       #.......     100%        4    #####..
 Alistair's Intoxication  Tmut/Pois      #.......     100%        5    ######.
 Blade Hands              Tmut           #.........   100%        5    ######.
 Metabolic Englaciation   Hex/Ice        #.........   100%        5    ######.
 Venom Bolt               Conj/Pois      #.........   100%        5    ######.
 Yara's Violent Unravell  Hex/Tmut       #.........   100%        5    ######.
 Ozocubu's Refrigeration  Ice            #.........   100%        6    #######


Dungeon Overview and Level Annotations

Branches:
Dungeon (13/15)            Temple (1/1) D:6            Lair (4/6) D:11
  Swamp (0/4) Lair:4        Snake (0/4) Lair:3          Orc (1/2) D:11
 Vaults: D:13-14

Altars:
Cheibriados
Dithmenos
Elyvilon
Fedhas
Gozag
Hepliaklqana
Makhleb
Nemelex Xobeh
Ru
Trog
Uskayaw
Vehumet
Wu Jian
Xom
Yredelemnul

Shops:
D:4 (   D:12 *

Annotations:
Lair:2 exclusion: oklob plant Gauntlet 9 transporters, 17 runed translucent doors


Message History

Your shield and plate armour prevent you from hitting the spectral wolf spider.
The spectral wolf spider is almost destroyed.
Your shield and plate armour prevent you from hitting the spectral wolf spider.
* * * LOW HITPOINT WARNING * * *
You feel sick.
The spectral wolf spider hits you but does no damage.
The spectral wolf spider bites you but does no damage.
You block the spectral wolf spider's attack. x3
The spectral wolf spider bites you.
* * * LOW HITPOINT WARNING * * *
The spectral wolf spider hits you but does no damage.
The spectral wolf spider bites you.
* * * LOW HITPOINT WARNING * * *
Press: ? - help, Shift-Dir - straight line, f - spectral wolf spider
Aim: a spectral wolf spider (severely damaged)
The puff of flame hits the spectral wolf spider.
The spectral wolf spider is almost destroyed.
You block the spectral wolf spider's attack.
The spectral wolf spider bites you!
You die...

.###########...###########..#...#
§............≈.............≈#.©.#
§..∩........≈8≈............∩#....
.............§.............≈#.©.#
.###########...###########..#...#
.#W........#...#..+..+...#..#...#
.#W.##.##..#...#..+..+...#..#.8..
.#.##...##[#####++#++##.[#..#...#
.#.#.....#.#...#@.+...'.[#..#.8.#
©#....©...©#©.©#ZZ#...'.©#..#...#
.#.#.....#.#...#..†...'.!#..#≈8§#
.#.##...##.#####++#++##.%#..#####
.#..##.##..#...#..+..+...#..###
.#.........#.8.#..+..+...#..#8#
.###########...###########.§###
............................#
...........................≈#


You could see 2 spectral wolf spiders.

Vanquished Creatures
  A hydra (D:12)
  Sonja (D:12)
  A death drake (Gauntlet)
  An ugly thing (D:8)
  An orc knight (D:11)
  An orc sorcerer (D:11)
  A cyclops (D:11)
  A black mamba (Lair:3)
  A manticore (D:11)
  An elephant (D:12)
  A gargoyle (D:10)
  2 spiny frogs (Lair:1)
  4 komodo dragons
  A queen bee (D:9)
  4 trolls
  4 hippogriffs
  5 slime creatures (D:12)
  A spriggan (D:9)
  Sigmund (D:6)
  4 shadows (Gauntlet)
  5 wyverns
  20 yaks
  A steam dragon (D:10)
  2 hungry ghosts
  A vampire mosquito (Lair:3)
  Grum (D:8)
  A basilisk (D:11)
  2 wargs (D:11)
  7 nagas (Lair:3)
  3 insubstantial wisps (Lair:3)
  4 water moccasins
  2 porcupines (Lair:1)
  Duvessa (D:5)
  17 orc warriors
  3 ice beasts
  12 ogres
  A black bear (D:8)
  An eye of draining (D:11)
  A phantom (D:5)
  5 centaurs
  9 wolves
  6 crocodiles
  A spectral wyvern (Gauntlet)
  2 big kobolds (D:9)
  7 bullfrogs
  Dowan (D:5)
  A wyvern skeleton (D:10)
  20 killer bees
  A howler monkey (D:5)
  2 crimson imps
  A bullfrog zombie (D:8)
  A centaur zombie (D:8)
  8 hounds
  5 jellies
  8 orc priests
  6 centaur skeletons
  Jessica (D:2)
  19 orc wizards
  5 worker ants
  7 iguanas
  2 hound skeletons (D:7)
  A howler monkey zombie (D:9)
  A worker ant zombie (D:8)
  4 gnolls
  11 adders
  5 shadow imps
  An ooze (D:3)
  An adder skeleton (D:9)
  3 worms
  3 dart slugs
  6 leopard geckos
  59 orcs
  10 goblins
  5 hobgoblins
  23 jackals
  10 kobolds
  4 quokkas
  2 ball pythons
  A ball python skeleton (D:4)
  8 bats
  6 frilled lizards
  A leopard gecko zombie (D:6)
  3 quokka zombies
  5 rats
  A fungus (Lair:3)
  A plant (Lair:1)
415 creatures vanquished.

Vanquished Creatures (collateral kills)
  2 hydras (Lair:2)
  Erica (Lair:2)
  A swamp dragon (Lair:3)
  2 black mambas
  A spiny frog (Lair:2)
  A meliai zombie (Gauntlet)
  A basilisk (Lair:3)
  3 insubstantial wisps (Lair:3)
  A water moccasin (Lair:2)
  A crocodile (Lair:3)
  A fungus (Lair:2)
  2 plants (Lair:3)
17 creatures vanquished.

Vanquished Creatures (others)
  An orc wizard (Orc:1)
  5 demonic plants (Gauntlet)
  A fungus (Lair:2)
  3 plants
  12 toadstools (Lair:4)
  4 withered plants (Gauntlet)
26 creatures vanquished.

Grand Total: 458 creatures vanquished

Notes
Turn   | Place    | Note
-------+----------+-------------------------------------------
     0 | D:1      | kidcy the Hill Orc Fighter began the quest for the Orb.
     0 | D:1      | Reached XP level 1. HP: 19/19 MP: 1/1
    70 | D:1      | Reached skill level 3 in Axes
   296 | D:1      | Reached XP level 2. HP: 27/27 MP: 2/2
   477 | D:1      | Reached XP level 3. HP: 33/33 MP: 3/3
  1531 | D:2      | Reached skill level 4 in Axes
  1576 | D:2      | Reached XP level 4. HP: 40/40 MP: 4/4
  2034 | D:2      | Noticed Jessica
  2042 | D:2      | Killed Jessica
  2159 | D:2      | Reached XP level 5. HP: 38/47 MP: 3/5
  2163 | D:2      | Reached skill level 5 in Axes
  2414 | D:3      | Found a faded altar of an unknown god.
  2554 | D:3      | Found a white marble altar of Elyvilon.
  2712 | D:3      | Found a basalt altar of Yredelemnul.
  2747 | D:3      | Found an opulent altar of Gozag.
  3107 | D:4      | Reached XP level 6. HP: 53/53 MP: 6/6
  3118 | D:4      | Found Loicuejo's Weapon Boutique.
  3167 | D:4      | Found a shimmering altar of Xom.
  3208 | D:4      | Noticed an ice beast
  3312 | D:4      | Reached skill level 5 in Fighting
  3312 | D:4      | Reached skill level 6 in Axes
  3397 | D:4      | Found a sparkling altar of Nemelex Xobeh.
  3397 | D:4      | Found a blossoming altar of Fedhas.
  3398 | D:4      | Found a sacrificial altar of Ru.
  3667 | D:4      | Reached XP level 7. HP: 55/61 MP: 4/7
  3787 | D:5      | Entered Level 5 of the Dungeon
  3835 | D:5      | Reached skill level 5 in Armour
  3835 | D:5      | Reached skill level 5 in Shields
  3864 | D:5      | Reached skill level 7 in Axes
  4093 | D:5      | Noticed Duvessa
  4103 | D:5      | Noticed Dowan
  4112 | D:5      | Killed Duvessa
  4131 | D:5      | Killed Dowan
  4259 | D:5      | Reached XP level 8. HP: 70/70 MP: 8/8
  4274 | D:4      | Reached skill level 8 in Axes
  5580 | D:6      | Noticed Sigmund
  5592 | D:6      | Killed Sigmund
  5592 | D:6      | Reached skill level 9 in Axes
  6017 | D:6      | Found a staircase to the Ecumenical Temple.
  6052 | Temple   | Entered the Ecumenical Temple
  6065 | Temple   | Became a worshipper of Makhleb the Destroyer
  6172 | D:7      | Reached XP level 9. HP: 77/79 MP: 9/9
  6204 | D:7      | Found a shadowy altar of Dithmenos.
  6410 | D:7      | Reached skill level 10 in Axes
  6884 | D:7      | Found an ornate altar of the Wu Jian Council.
  7082 | D:8      | Reached * piety under Makhleb
  7152 | D:8      | Noticed Grum
  7392 | D:8      | Killed Grum
  7392 | D:8      | Reached skill level 11 in Axes
  7603 | D:8      | Found a radiant altar of Vehumet.
  7751 | D:8      | Reached XP level 10. HP: 88/88 MP: 10/10
  8145 | D:9      | Noticed a white ugly thing
  8271 | D:9      | Found a shadowy altar of Dithmenos.
  8307 | D:9      | Reached skill level 12 in Axes
  8396 | D:9      | Reached ** piety under Makhleb
  8445 | D:9      | Found a snail-covered altar of Cheibriados.
  8790 | D:8      | Killed a white ugly thing
  9278 | D:9      | Reached skill level 13 in Axes
  9381 | D:9      | Reached XP level 11. HP: 97/97 MP: 11/11
  9632 | D:9      | Reached skill level 1 in Invocations
 10187 | D:10     | Entered Level 10 of the Dungeon
 10352 | D:10     | Found a blossoming altar of Fedhas.
 10448 | D:10     | Reached *** piety under Makhleb
 10626 | D:10     | Reached skill level 10 in Fighting
 10940 | D:11     | Found a staircase to the Lair.
 11003 | D:12     | Reached skill level 5 in Invocations
 11234 | D:11     | Found a staircase to the Orcish Mines.
 11297 | D:11     | Noticed a manticore
 11313 | D:11     | Reached **** piety under Makhleb
 11321 | D:11     | Killed a manticore
 11674 | D:11     | Got a steaming whip
 11675 | D:11     | Identified the cursed +0 whip of Kedoh {slash, rPois Dex+2
                  | Stlth+} (You found it on level 11 of the Dungeon)
 11695 | D:11     | Reached skill level 14 in Axes
 11873 | D:12     | Reached XP level 12. HP: 21/107 MP: 4/17
 12170 | D:12     | Noticed Sonja
 12172 | D:12     | Killed Sonja
 12558 | D:12     | Found Dooro Nub's Blood Bar.
 12757 | D:13     | Noticed a seven-headed hydra
 12772 | D:12     | Killed a seven-headed hydra
 12772 | D:12     | Reached skill level 10 in Armour
 12965 | Lair:1   | Entered Level 1 of the Lair of Beasts
 13502 | Lair:1   | Reached skill level 10 in Shields
 13700 | Orc:1    | Entered Level 1 of the Orcish Mines
 14711 | Orc:1    | Noticed an orc warlord
 15018 | Orc:1    | Noticed a sun demon
 15055 | D:11     | Noticed a soul eater
 15057 | D:11     | Noticed a sun demon
 16503 | Lair:2   | Identified the Papyrus of Icy Venom
 16541 | Lair:2   | Reached ***** piety under Makhleb
 16541 | Lair:2   | Reached skill level 10 in Invocations
 16848 | Lair:2   | Noticed a five-headed hydra
 16861 | Lair:2   | Killed a five-headed hydra
 17292 | Lair:2   | Noticed Erica
 17302 | Lair:2   | Noticed a six-headed hydra
 17305 | Lair:2   | Killed Erica
 17326 | Lair:2   | Killed a six-headed hydra
 17340 | Lair:2   | Reached XP level 13. HP: 33/116 MP: 20/20
 18642 | Lair:3   | Found a staircase to the Snake Pit.
 18684 | Lair:3   | Reached skill level 15 in Axes
 18690 | Lair:3   | Reached skill level 1 in Dodging
 18953 | Lair:4   | Found a staircase to the Swamp.
 19446 | Lair:4   | Found a gate leading to a gauntlet.
 19501 | Gauntlet | Entered a Gauntlet
 19501 | Gauntlet | Found a transporter.
 19501 | Gauntlet | Found a transporter.
 19548 | Gauntlet | Found a transporter.
 19551 | Gauntlet | Found a transporter.
 19551 | Gauntlet | Found a transporter.
 19553 | Gauntlet | Found a large runed translucent door.
 19554 | Gauntlet | Found a large runed translucent door.
 19555 | Gauntlet | Found a large runed translucent door.
 19555 | Gauntlet | Found a large runed translucent door.
 19555 | Gauntlet | Found a runed translucent door.
 19555 | Gauntlet | Found a runed translucent door.
 19556 | Gauntlet | Found a large runed translucent door.
 19556 | Gauntlet | Found a large runed translucent door.
 19556 | Gauntlet | Found a large runed translucent door.
 19556 | Gauntlet | Found a large runed translucent door.
 19557 | Gauntlet | Found a large runed translucent door.
 19558 | Gauntlet | Found a large runed translucent door.
 19559 | Gauntlet | Found a large runed translucent door.
 19559 | Gauntlet | Found a large runed translucent door.
 19560 | Gauntlet | Found a large runed translucent door.
 19560 | Gauntlet | Found a large runed translucent door.
 19561 | Gauntlet | Found a runed translucent gate.
 19561 | Gauntlet | Found a runed translucent gate.
 19561 | Gauntlet | Found a runed translucent gate.
 19563 | Gauntlet | Found a transporter.
 19573 | Gauntlet | Found a large runed translucent door.
 19574 | Gauntlet | Found a large runed translucent door.
 19592 | Gauntlet | Found a transporter.
 19598 | Gauntlet | Found a transporter.
 19606 | Gauntlet | Found a transporter.
 19660 | Gauntlet | Found a transporter.
 19674 | Gauntlet | Found a transporter.
 19689 | Gauntlet | Found a transporter.
 20026 | Gauntlet | Got a pair of scorched boots
 20027 | Gauntlet | Identified the +4 pair of boots of the Unbroken {Str+4}
                  | (You found it in a Gauntlet)
 20103 | Gauntlet | HP: 5/117 [spectral wolf spider (4)]
 20104 | Gauntlet | Slain by a spectral wolf spider

Levels and vault maps discovered:
D:1:      sevenhm_arrival_forest_fort_small_4, layout_basic
D:2:      layout_basic, uniq_jessica
D:3:      layout_loops_cross, kennysheep_ying_yang,
          nicolae_overflow_crystal_walls, chequers_ecumenical_altar_twisty,
          nicolae_underground_beach
D:4:      layout_basic, marbit_many_paths, gammafunk_temple_overflow_claw,
          first_ration, serial_shops, shop, minivault_4,
          chequers_serial_rivers_room_a
D:5:      layout_basic, uniq_duvessa
D:6:      layout_loops_ring, minmay_temple_entry_nine_rooms, uniq_sigmund
D:7:      layout_gridville, kennysheep_mini, nicolae_dithmenos_shadow_blocks
D:8:      layout_basic, kennysheep_little_box, uniq_grum
D:9:      minmay_cornered_nines, layout_loops_corners, lemuel_doored_altar,
          special_room [special_room_bee], basic_altar, the_bakery,
          hangedman_minor_gate_pass
D:10:     layout_roguey, basic_altar
D:11:     layout_cave_pods, david_lair_generic, orc_david_3
D:12:     layout_roguey, eino_small_chamber_without_monster,
          guppyfry_shop_blood, uniq_sonja
D:13:     layout_gridville, portal_ice_cave_entry_imps, uniq_kirke
Temple:   chequers_temple_sunken
Lair:1:   beast_lair_carwin_large_3, layout_chaotic_city, serial_bayou_crossing
Lair:2:   layout_small_grid, chequers_serial_rivers_micro_d,
          minmay_lair_oklob_chamber, uniq_erica
Lair:3:   layout_big_grid, minmay_snake_entry_guardpost_large, pond
Lair:4:   gammafunk_lair_enchanted_lake, layout_small_grid,
          minmay_swamp_entry_reptiles, gauntlet_entry_generic,
          grunt_megastairs_4, infiniplex_staircase_pool
Orc:1:    layout_caves, serial_shops, nicolae_shop_trees, uniq_fannar,
          uniq_nergalle
Gauntlet: gammafunk_gauntlet_shortcut [gammafunk_gauntlet_arena_split_diamond,
          minmay_gauntlet_arena_make_your_own_arena, nicolae_gauntlet_swirl,
          gammafunk_gauntlet_arena_arrow_garden, gammafunk_gauntlet_arena_mazey,
          nicolae_gauntlet_arena_blocks, gauntlet_exit_watery]

Skill      XL: |  1  2  3  4  5  6  7  8  9 10 11 12 13 |
---------------+----------------------------------------+-----
Axes           | 3 4 5 6 7 9 11 13 14 15 | 15.1
Fighting       | 4 5 7 8 9 10 11 | 11.9
Armour         | 4 5 6 7 8 9 10 | 10.8
Shields        | 4 5 6 7 8 9 10 | 10.9
Invocations    | 7 10 11 | 11.4
Dodging        | 1 |  1.5

Action                   |  1- 3 |  4- 6 |  7- 9 | 10-12 | 13-15 || total
-------------------------+-------+-------+-------+-------+-------++-------
Melee: War axe           |   140 |   176 |   367 |   761 |       ||  1444
       Broad axe         |       |       |       |   178 |   183 ||   361
       Battleaxe         |       |       |       |    56 |       ||    56
Invok: Major Destruction |       |       |       |    15 |       ||    15
       Lesser Servant of |       |       |       |    10 |    14 ||    24
       Minor Destruction |       |       |       |       |     1 ||     1
  Use: Potion            |     1 |       |     1 |    14 |     8 ||    24
       Scroll            |       |       |    14 |    14 |     6 ||    34
 Stab: Distracted        |       |       |       |       |     1 ||     1
  Eat: Chunk             |     2 |     7 |     8 |    12 |     2 ||    31
       Ration            |       |       |     2 |     7 |     2 ||    11
Armor: Scale mail        |    83 |       |       |       |       ||    83
       Chain mail        |       |    95 |   141 |   347 |       ||   583
       Skin              |       |       |    11 |    15 |       ||    26
       Plate armour      |       |       |       |   108 |   132 ||   240
Dodge: Dodged            |    47 |    25 |    63 |   254 |    49 ||   438
Block: Shield            |    74 |   108 |   182 |   582 |   100 ||  1046

Table legend:
 A = Non-vault XP
 B = Vault XP
 C = Vault XP percentage of total XP
 D = Non-vault monster count
 E = Vault monster count
 F = Vault count percentage of total count
                 A         B        C        D         E       F
            +---------+---------+-------+---------+---------+-------
      Total |   27362 |   11772 |  30.1 |     345 |      82 |  19.2
            +---------+---------+-------+---------+---------+-------
        D:1 |      48 |       0 |   0.0 |      25 |       0 |   0.0
        D:2 |     145 |      37 |  20.3 |      30 |       1 |   3.2
        D:3 |      49 |       0 |   0.0 |      17 |       0 |   0.0
        D:4 |     678 |      43 |   6.0 |      24 |       1 |   4.0
        D:5 |     589 |     223 |  27.5 |      22 |       2 |   8.3
        D:6 |     302 |     227 |  42.9 |       9 |       1 |  10.0
        D:7 |    1005 |     116 |  10.3 |      22 |       1 |   4.3
        D:8 |    1169 |    1272 |  52.1 |      24 |       5 |  17.2
        D:9 |    1782 |    2484 |  58.2 |      29 |      27 |  48.2
       D:10 |    2839 |       0 |   0.0 |      25 |       0 |   0.0
       D:11 |    7793 |     454 |   5.5 |      60 |       6 |   9.1
       D:12 |    2452 |    1546 |  38.7 |      21 |       4 |  16.0
     Lair:1 |    2474 |     793 |  24.3 |      10 |       8 |  44.4
     Lair:2 |    3418 |     526 |  13.3 |      13 |       1 |   7.1
     Lair:3 |    1887 |    2340 |  55.4 |       9 |      16 |  64.0
     Lair:4 |     590 |      78 |  11.7 |       2 |       2 |  50.0
      Orc:1 |     142 |       0 |   0.0 |       3 |       0 |   0.0
   Gauntlet |       0 |    1633 | 100.0 |       0 |       7 | 100.0
            +---------+---------+-------+---------+---------+-------
